 Dungeon Crawl Stone Soup version 0.25-a0-340-ga1faa1601d (webtiles) character file.

Game seed: 17721736740420287273, levelgen mode: classic

139 Borgoz the Skirmisher (level 5, -1/49 HPs)
             Began as a Gargoyle Fighter on Dec 29, 2019.
             Killed by nerve-wracking pain
             ... invoked by Grinder
              (2 damage)
             ... on level 3 of the Dungeon.
             The game lasted 00:02:32 (2408 turns).

Borgoz the Skirmisher (Gargoyle Fighter)            Turns: 2408, Time: 00:02:33

Health: -1/49      AC: 11    Str: 25    XL:     5   Next: 22%
Magic:  5/5        EV:  7    Int:  9    God:
Gold:   113        SH:  9    Dex:  9    Spells: 4/4 levels left

rFire    . . .     SeeInvis .   a - +0 long sword
rCold    . . .     Gourm    .   c - +0 shield
rNeg     + . .     Faith    .   b - +0 scale mail
rPois    ∞         Spirit   .   (no helmet)
rElec    +         Reflect  .   (no cloak)
rCorr    .         Harm     .   (no gloves)
MR       .....                  (no boots)
Stlth    ..........             (no amulet)
HPRegen  0.16/turn              (no ring)
MPRegen  0.09/turn              (no ring)

@: mighty, berserking (expiring), very quick
A: negative energy resistance 1, electricity resistance, unbreathing,
petrification resistance, rot immunity, AC +4
a: no special abilities


You were on level 3 of the Dungeon.
You were hungry.

You visited 1 branch of the dungeon, and saw 3 of its levels.

You collected 113 gold pieces.

Inventory:

Hand Weapons
 a - a +0 long sword (weapon)
Armour
 b - a +0 scale mail (worn)
 c - a +0 shield (worn)
Jewellery
 l - an uncursed ring of ice
Scrolls
 e - 2 scrolls of teleportation {unknown}
 j - a scroll of amnesia {unknown}
 k - 2 scrolls of magic mapping {unknown}
Potions
 h - 2 potions of curing {unknown}
 m - a potion of brilliance {unknown}
 n - a potion of berserk rage
Comestibles
 f - 7 rations
 g - 12 chunks of flesh


   Skills:
 + Level 4.2 Fighting
 * Level 3.5 Long Blades
 + Level 4.2 Armour
 - Level 3.2 Shields


You had 4 spell levels left.
You didn't know any spells.
Your spell library was empty.

Dungeon Overview and Level Annotations

Branches:
Dungeon (3/15)

Altars:
The Shining One

Annotations:
D:3 1 runed translucent door, Grinder


Innate Abilities, Weirdness & Mutations

You are resistant to torment.
Your stone body is resilient. (AC +4)
You are immune to poison.
You resist negative energy. (rN+)
You are resistant to electric shocks. (rElec)
You can survive without breathing.
You are immune to petrification.
You are immune to rotting.


Message History

You slash Grinder!
Grinder is moderately wounded.
Grinder blinks!
You closely miss Grinder.
Grinder is moderately wounded.
Grinder hits you.
* * * LOW HITPOINT WARNING * * *
You writhe in agony.
* * * LOW HITPOINT WARNING * * *
You closely miss Grinder.
Grinder is moderately wounded.
You slash Grinder!
Grinder is heavily wounded.
You block Grinder's attack.
You closely miss Grinder.
Grinder is heavily wounded.
Grinder says, "FISH!"
Grinder gestures at you. Pain shoots through your body!
You die...

..# ###.)....# #......# ..#
#.......## #......# ..#
#.#.....# #########......
..####)#.....#
#..(..........
...)÷..#.....#
#.........(...
.......#.....#
#............
.......#########..........#
.......# ##...........#
.......# ##.#@....(....#
.......######...5.>.......#
..........[<)..'..........#
.......######.##..........#
.......# #.###..........#
######## #.# ############
#.# .#


You could see Grinder.

Vanquished Creatures
  An orc wizard (D:3)
  2 adders (D:3)
  3 worms (D:2)
  2 dart slugs (D:2)
  A leopard gecko (D:3)
  8 orcs (D:3)
  5 giant cockroaches
  5 goblins
  8 hobgoblins
  7 kobolds
  3 quokkas
  A ball python (D:1)
  7 bats
  7 frilled lizards
  13 rats
73 creatures vanquished.

Notes
Turn   | Place    | Note
-------+----------+-------------------------------------------
     0 | D:1      | Borgoz the Gargoyle Fighter began the quest for the Orb.
     0 | D:1      | Reached XP level 1. HP: 14/14 MP: 1/1
   189 | D:1      | Reached XP level 2. HP: 13/19 MP: 2/2
   853 | D:2      | Reached XP level 3. HP: 22/23 MP: 3/3
  1346 | D:2      | Reached XP level 4. HP: 29/29 MP: 4/4
  1992 | D:3      | Noticed Grinder
  2255 | D:3      | Reached XP level 5. HP: 28/33 MP: 5/5
  2300 | D:3      | Found a runed translucent door.
  2300 | D:3      | Found a glowing golden altar of the Shining One.
  2300 | D:3      | Noticed an angel
  2396 | D:3      | Paralysed by Grinder for 6 turns
  2405 | D:3      | HP: 1/49 [Grinder (2)]
  2408 | D:3      | Killed from afar by Grinder

Levels and vault maps discovered:
D:1:      kilobyte_arrival_exit_the_forest, layout_loops_ring
D:2:      layout_loops_ring
D:3:      layout_basic, lemuel_angel_altar, uniq_grinder

Skill      XL: |  1  2  3  4 |
---------------+-------------+-----
Long Blades    | 2 3 |  3.5
Fighting       | 4 |  4.2
Armour         | 4 |  4.2
Shields        | |  3.2

Action                   |  1- 3 |  4- 6 || total
-------------------------+-------+-------++-------
Melee: Long sword        |   186 |   107 ||   293
  Use: Scroll            |       |     2 ||     2
       Potion            |       |     2 ||     2
  Eat: Chunk             |     2 |     3 ||     5
Armor: Scale mail        |   115 |    45 ||   160
Dodge: Dodged            |    75 |    34 ||   109
Block: Shield            |   126 |    39 ||   165
       Rpst.: Long sword |    19 |    12 ||    31

Table legend:
 A = Non-vault XP
 B = Vault XP
 C = Vault XP percentage of total XP
 D = Non-vault monster count
 E = Vault monster count
 F = Vault count percentage of total count
                 A         B        C        D         E       F
            +---------+---------+-------+---------+---------+-------
      Total |     199 |       0 |   0.0 |      73 |       0 |   0.0
            +---------+---------+-------+---------+---------+-------
        D:1 |      29 |       0 |   0.0 |      21 |       0 |   0.0
        D:2 |      62 |       0 |   0.0 |      32 |       0 |   0.0
        D:3 |     108 |       0 |   0.0 |      20 |       0 |   0.0
            +---------+---------+-------+---------+---------+-------
